 Dungeon Crawl Stone Soup version 0.14-a0-3247-g5fd345f (webtiles) character file.

5753 Psiweapon the Covert (level 11, 0/56 HPs)
             Began as a Kobold Hunter on Mar 11, 2014.
             Was a Priest of Dithmenos.
             Slain by a yak (16 damage)
             ... on Level 1 of the Lair of Beasts on Mar 12, 2014.
             The game lasted 01:14:54 (11274 turns).

Psiweapon the Covert (Kobold Hunter)               Turns: 11274, Time: 01:14:54

HP   0/56        AC  5     Str 13      XL: 11   Next:  3%
MP  20/20        EV 15     Int  9      God: Dithmenos [***...]
Gold 142         SH  0     Dex 18      Spells:  0 memorised, 10 levels left

rFire  . . .     SeeInvis .     b - +1 crossbow
rCold  . . .     Clarity  .     d - +0 leather armour
rNeg   . . .     Conserve .     (no shield)
rPois  .         rCorr    .     (no helmet)
rElec  .         rRot     .     L - +0 cloak
SustAb . .       Spirit   .     w - +0 pair of gloves
rMut   .         Warding  .     (no boots)
Saprov + + .     Stasis   .     (no amulet)
MR     .....                    z - ring of sustenance
                                N - ring of magical power

@: wreathed by umbra, not resistant to hostile enchantments, incredibly stealthy
A: disease resistance, carnivore 3, saprovore 2
a: Shadow Step, Renounce Religion


You were on level 1 of the Lair of Beasts.
You worshipped Dithmenos.
Dithmenos was most pleased with you.
You were completely stuffed.

You visited 2 branches of the dungeon, and saw 12 of its levels.

You collected 590 gold pieces.
You spent 448 gold pieces at shops.

Inventory:

Hand weapons
 a - a +1,+2 dagger of venom
 b - a +1,+1 crossbow (weapon)
 G - a +0,+0 falchion
 O - a +0 blowgun
 Q - a +2,+0 short sword of venom
 U - the -1,+0 dagger of the Boiling Point {freeze, rElec SInv}
   (You bought it in a shop on level 7 of the Dungeon)

   It has been specially enchanted to freeze those struck by it, causing extra
   injury to most foes and up to double damage against particularly susceptible
   opponents.
   It can also slow down cold-blooded creatures.
   It insulates you from electricity.
   It enhances your eyesight.
Missiles
 c - 58 bolts
 g - 14 stones
 m - a throwing net
 C - 3 tomahawks
 H - 12 silver bolts
 S - 45 poisoned needles
 V - 13 poisoned bolts (quivered)
Armour
 d - a +0 leather armour (worn)
 w - a +0 pair of gloves (worn)
 L - a +0 cloak (worn)
 M - a +0 buckler
Magical devices
 y - a wand of confusion (0)
 E - a wand of digging (12)
 Y - a wand of magic darts (5)
Comestibles
 f - 4 meat rations
 T - 18 cheeses
 Z - a chunk of crocodile flesh
Scrolls
 h - a scroll of immolation
 i - a scroll of enchant armour {unknown}
 n - a scroll of enchant weapon II {unknown}
 r - a scroll of fog {unknown}
 v - a scroll of magic mapping
 x - 3 scrolls of teleportation {unknown}
 D - 2 scrolls of fear {unknown}
 F - 4 scrolls of remove curse
 I - a scroll of recharging {unknown}
 P - a scroll of enchant weapon I {unknown}
 R - 2 scrolls of blinking
 X - a scroll of identify
Jewellery
 s - an uncursed ring of wizardry
 u - an uncursed ring of protection from fire
 z - a ring of sustenance (right hand)
 J - an uncursed amulet of resist mutation
 N - a ring of magical power (left hand)
Potions
 e - a potion of haste {unknown}
 j - a potion of magic {unknown}
 k - 2 potions of heal wounds
 l - a potion of restore abilities {unknown}
 o - 2 potions of agility
 p - 4 potions of brilliance
 q - 2 potions of curing
 t - a potion of confusion {unknown}
 A - a potion of mutation {unknown}
 B - 2 potions of poison {unknown}
 W - a potion of cure mutation {unknown}
Books
 K - a book of Wizardry

   Spells                             Type                      Level
   Summon Elemental                   Summoning                    4
   Agony                              Necromancy                   5
   Force Lance                        Conjuration                  5
   Haste                              Charms                       6
   Invisibility                       Hexes                        6
   Spellforged Servitor               Conjuration/Summoning        7


   Skills:
 - Level 1.1 Fighting
 - Level 10.6 Short Blades
 - Level 2.2 Long Blades
 + Level 10.0 Crossbows
 - Level 4.4 Dodging
 + Level 14.2 Stealth


You had 10 spell levels left.
You didn't know any spells.

Dungeon Overview and Level Annotations

Branches:
Dungeon (11/16)            Temple (0/1) D:6            Lair (1/8) D:9
    Orc: D:9-12

Altars:
Cheibriados
Dithmenos
Elyvilon
Kikubaaqudgha
Makhleb
Nemelex Xobeh
Okawaru
Sif Muna
Trog
Beogh

Shops:
D:5 (   D:6 (   D:7 (

Annotations:
D:2 exclusion: door
D:6 Blork the orc, Sigmund
D:7 exclusion: 3 upstairs
D:9 exclusion: upstairs


Innate Abilities, Weirdness & Mutations

You recuperate from illness quickly.
You are small and have problems with some larger weapons.
You are carnivorous and can eat meat at any time.
You can eat rotten meat.


Message History

The yak is almost dead.
Dithmenos accepts your kill.
Your Crossbows skill increases to level 10!
You feel a bit more experienced.
Wield which item (- for none, * to show all)? (? for menu, Esc to quit)
Your +1,+2 dagger of venom stops dripping with poison.
b - a +1,+1 crossbow (weapon)
Firing (i - inventory. (,) - cycle):
c - 58 bolts (quivered)
Press: ? - help, Shift-Dir - straight line, f - yak
Aim: a yak (umbra)
Okay, then.
Quiver which item? (- for none, * to show all) (? for menu, Esc to quit)
Quivering
V - 14 poisoned bolts for crossbows.
Firing (i - inventory. (,) - cycle):
V - 14 poisoned bolts (quivered)
Press: ? - help, Shift-Dir - straight line, f - yak
Aim: a yak (umbra)
You shoot a poisoned bolt. The poisoned bolt hits the yak.
The yak is poisoned.
The yak is lightly wounded.
The yak gores you!
You die...

#..# #.# #....##
#............... ##.# #.#
#.....###...######......
##.# ... #Y..##....<##
#....### .#.# ._.
#..#####P#.# ####..##
...#######Y.# # #.##
#.#..## .........Y..# ##.#
##.### ......#.######
####..###.## ......###
#.###..#..##..# ......###
##....@Y.......#
.....#..###....fP.(....###
....#.#.......%####...>.#
...#####......%###.#.....#
#.#####f...##.#..Y........#
#.#....(..######..........#
...###...## #.#.........#
.. ##### ##..........#
#..........


You could see a yak.

Vanquished Creatures
  A hill giant (D:10)
  A komodo dragon (D:9)
  5 yaks (Lair:1)
  A hippogriff (D:9)
  A hungry ghost (D:9)
  Edmund (D:8)
  Menkaure (D:4)
  A necrophage (D:9)
  A water moccasin (Lair:1)
  A porcupine (Lair:1)
  A sky beast (D:7)
  A phantom (D:9)
  An ogre (D:7)
  2 ice beasts (D:5)
  A crocodile (Lair:1)
  A centaur (D:9)
  18 big kobolds
  5 scorpions
  A wyvern skeleton (D:8)
  A killer bee (D:7)
  A troll zombie (D:9)
  A goliath beetle (D:6)
  3 wights (D:10)
  5 hounds
  3 orc priests
  2 jellies
  An orc wizard (D:6)
  An iguana (D:7)
  An orange rat (D:7)
  9 worker ants
  A hound skeleton (D:5)
  2 gnolls (D:6)
  11 adders
  13 green rats
  2 scorpion zombies
  2 shadow imps
  2 giant mites
  5 worms
  2 giant eyeballs
  10 giant geckos
  9 orcs
  2 ball pythons
  17 bats
  5 giant cockroaches
  10 goblins
  15 hobgoblins
  13 jackals
  20 kobolds
  3 quokkas
  A giant gecko zombie (D:8)
  7 giant newts
  3 giant spores
  A goblin skeleton (D:4)
  A hobgoblin skeleton (D:5)
  An orc zombie (D:7)
  27 rats
  A rat skeleton (D:4)
  A ballistomycete (D:10)
260 creatures vanquished.

Vanquished Creatures (others)
  A plant (D:9)
1 creature vanquished.

Grand Total: 261 creatures vanquished

Notes
Turn   | Place    | Note
--------------------------------------------------------------
     0 | D:1      | Psiweapon, the Kobold Hunter, began the quest for the Orb.
     0 | D:1      | Reached XP level 1. HP: 12/12 MP: 1/1
   140 | D:1      | Reached skill level 1 in Short Blades
   167 | D:1      | Found a sparkling altar of Nemelex Xobeh.
   332 | D:1      | Reached XP level 2. HP: 16/16 MP: 2/2
  1241 | D:1      | Reached XP level 3. HP: 20/20 MP: 3/3
  1722 | D:2      | Reached XP level 4. HP: 22/25 MP: 4/4
  2718 | D:2      | Reached skill level 5 in Crossbows
  2718 | D:2      | Reached XP level 5. HP: 29/29 MP: 5/5
  3107 | D:3      | Found a bloodstained altar of Trog.
  3125 | D:3      | Found a snail-covered altar of Cheibriados.
  3332 | D:3      | Reached XP level 6. HP: 34/34 MP: 6/6
  3696 | D:4      | Reached skill level 6 in Crossbows
  3697 | D:4      | Noticed Menkaure
  3705 | D:4      | HP: 1/34 [Menkaure (6)]
  3706 | D:4      | Killed Menkaure
  4141 | D:4      | Reached skill level 5 in Stealth
  4141 | D:4      | Reached XP level 7. HP: 38/38 MP: 7/7
  4357 | D:4      | Reached skill level 7 in Crossbows
  4460 | D:4      | Found a shadowy altar of Dithmenos.
  4468 | D:4      | Became a worshipper of Dithmenos
  4644 | D:4      | Upgraded the game from 0.14-a0-3194-g0089908 to 0.14-a0-3247-g5fd345f
  4836 | D:5      | Entered Level 5 of the Dungeon
  4836 | D:5      | Found an ancient bone altar of Kikubaaqudgha.
  5123 | D:5      | Reached skill level 1 in Long Blades
  5660 | D:5      | Reached XP level 8. HP: 43/43 MP: 8/8
  5673 | D:5      | Found Kuruduty's Antique Weapon Shop.
  5922 | D:5      | Reached skill level 8 in Crossbows
  6176 | D:6      | Found Khigaasa's Weapon Shoppe.
  6185 | D:6      | Bought 18 bolts for 43 gold pieces
  6468 | D:6      | Found a deep blue altar of Sif Muna.
  6669 | D:6      | Found a staircase to the Ecumenical Temple.
  6707 | D:6      | Noticed Sigmund
  6717 | D:6      | Noticed Blork the orc
  7419 | D:7      | Reached skill level 5 in Short Blades
  7419 | D:7      | Reached skill level 9 in Stealth
  7419 | D:7      | Reached XP level 9. HP: 27/47 MP: 9/9
  7688 | D:7      | Reached skill level 10 in Stealth
  8237 | D:7      | Reached skill level 11 in Stealth
  8373 | D:7      | Acquired Dithmenos' first power
  8473 | D:7      | Found an iron altar of Okawaru.
  8517 | D:7      | Found Jiqiuc Tiaxo's Weapon Shop.
  8525 | D:7      | Bought 20 bolts for 52 gold pieces
  8525 | D:7      | Bought the -1,+0 dagger of the Boiling Point {freeze, rElec SInv} for 270 gold pieces
  9072 | D:7      | Bought 16 poisoned bolts for 83 gold pieces
  9101 | D:8      | Reached XP level 10. HP: 52/52 MP: 10/10
  9477 | D:8      | Reached skill level 12 in Stealth
  9691 | D:8      | Noticed Edmund
  9701 | D:8      | Killed Edmund
  9713 | D:8      | Paralysed by a giant eyeball for 2 turns
  9785 | D:9      | Found a white marble altar of Elyvilon.
  9797 | D:10     | Entered Level 10 of the Dungeon
  9808 | D:10     | Reached skill level 10 in Short Blades
 10191 | D:10     | Noticed a hill giant
 10243 | D:10     | Killed a hill giant
 10243 | D:10     | Reached skill level 13 in Stealth
 10552 | D:10     | Found a roughly hewn altar of Beogh.
 10739 | D:9      | Found a burning altar of Makhleb.
 10774 | D:9      | Found a staircase to the Lair.
 10921 | Lair:1   | Entered Level 1 of the Lair of Beasts
 10950 | Lair:1   | Acquired Dithmenos' second power
 11180 | Lair:1   | Found an iron altar of Okawaru.
 11221 | Lair:1   | Reached skill level 14 in Stealth
 11247 | Lair:1   | Reached XP level 11. HP: 31/56 MP: 11/11
 11270 | Lair:1   | Reached skill level 10 in Crossbows
 11274 | Lair:1   | Slain by a yak

Action                   |  1- 3 |  4- 6 |  7- 9 | 10-12 || total
-------------------------+-------+-------+-------+-------++-------
Melee: Short sword       |    99 |    48 |    90 |     3 ||   240
       Falchion          |       |       |   161 |     5 ||   166
       Dagger            |       |       |    63 |   109 ||   172
 Fire: Crossbow          |    17 |   100 |   219 |    90 ||   426
Invok: Shadow Step       |       |       |       |     1 ||     1
Evoke: Wand              |       |       |       |    14 ||    14
  Use: Potion            |       |     1 |     5 |     1 ||     7
       Scroll            |       |       |     8 |     3 ||    11
 Stab: Sleeping          |     1 |     1 |    11 |     9 ||    22
       Confused          |       |       |       |     4 ||     4
